 Dungeon Crawl Stone Soup version 0.30-a0-840-ga523dec638 (webtiles) character file.

Game seed: 5180140400132443384

36 lesbiats the Shield-Bearer (level 3, -2/36 HPs)
             Began as a Troll Fighter on Mar 2, 2023.
             Slain by a gnoll
             ... wielding a +0 flail
              (7 damage)
             ... on level 1 of the Dungeon.
             The game lasted 00:01:18 (725 turns).

lesbiats the Shield-Bearer (Troll Fighter)           Turns: 725, Time: 00:01:18

Health: -2/36      AC:  4    Str: 24    XL:     3   Next: 19%
Magic:  2/2        EV:  8    Int:  6    God:
Gold:   54         SH:  7    Dex:  9    Spells: 2/2 levels left

rFire   . . .      SeeInvis .      - Unarmed
rCold   . . .      Faith    .    b - +0 kite shield
rNeg    . . .      Spirit   .    a - +0 robe
rPois   .          Reflect  .    (helmet restricted)
rElec   .          Harm     .    (no cloak)
rCorr   .          Rampage  .    (gloves unavailable)
Will    .....                    (boots unavailable)
Stlth   +                        (no amulet)
HPRegen 1.06/turn                (no ring)
MPRegen 0.08/turn                (no ring)

@: no status effects
A: large, unfitting armour, claws 3, regeneration 1, shaggy fur 1, tough skin 1
a: no special abilities


You were on level 1 of the Dungeon.
You visited 1 branch of the dungeon, and saw 2 of its levels.

You collected 54 gold pieces.

Inventory:

Armour
 a - a +0 robe (worn)
 b - a +0 kite shield (worn)
Potions
 c - a potion of might
 d - 2 potions of heal wounds {unknown}
 e - 2 potions of curing {unknown}
 f - a potion of haste {unknown}
 g - a potion of ambrosia {unknown}
 h - a potion of resistance {unknown}
 i - a potion of berserk rage {unknown}


   Skills:
 + Level 2.7 Fighting
 - Level 2.4 Dodging
 + Level 3.0 Shields
 * Level 3.0 Unarmed Combat


You had 2 spell levels left.
You didn't know any spells.
Your spell library was empty.

Dungeon Overview and Level Annotations

Branches:
Dungeon (2/15)

Altars:


Innate Abilities, Weirdness & Mutations

You are too large for most types of armour.
You have claws for hands.
Your natural rate of healing is unusually fast.
You are covered in fur. (AC +1)
You have tough skin. (AC +1)


Message History

You scratch the frilled lizard.
You kill the frilled lizard!
The gnoll shouts!
You see here a frilled lizard corpse.
You barely miss the gnoll. You block the gnoll's attack.
You closely miss the gnoll. The gnoll hits you with a +0 flail.
You claw the gnoll!
The gnoll is severely wounded.
You block the gnoll's attack. The gnoll hits you but does no damage.
A giant cockroach comes into view.
You closely miss the gnoll.
The gnoll is severely wounded.
The gnoll hits you with a +0 flail! The gnoll attacks as you move away!
The gnoll hits you with a +0 club.
There is a stone staircase leading up here.
The gnoll hits you with a +0 club.
You climb upwards.
There is a stone staircase leading down here.
You block the gnoll's attack. The gnoll attacks as you move away!
The gnoll hits you with a +0 club. The gnoll barely misses you.
The gnoll hits you with a +0 flail. The gnoll attacks as you move away!
You block the gnoll's attack.
You barely miss the gnoll. The gnoll hits you with a +0 club.
You barely miss the gnoll. The gnoll hits you with a +0 club.
* * * LOW HITPOINT WARNING * * *
You claw the gnoll!
You kill the gnoll!
Your Unarmed Combat skill increases to level 3!
You have reached level 3!
Your experience leads to an increase in your attributes!
Increase (S)trength, (I)ntelligence, or (D)exterity?
You feel clever. x2; You feel stronger.
You scratch the gnoll but do no damage. The gnoll hits you with a +0 flail.
* * * LOW HITPOINT WARNING * * *
Okay, then.
You claw the gnoll!
The gnoll is severely wounded.
The gnoll hits you with a +0 flail!
You die...
P####.### #....#####.######.###. _# #....# #.)................... .######[# #....##.#########.###.
PP#####.####.#(###.# #.# #.
PPP#...........###.# #.# #.
PPP####.####.......# #####.# #) PPP#

#.# ##.>##### #.....# #.
.PP####.# #.รท##### #.##### #.
'###..#.# #..g@(.# #.# #.
.##.#...# ##.####.# #.# ##
......### ##...###.#####.#
####.## ##.###..........# #.#
#.## ##.........# #####
#.#####.# #.#.####..###...##
#.......## ##.#.##.....##.....
########.###.##...............
##...######.#..........


You could see a gnoll.

Vanquished Creatures
  A gnoll (D:1)
  3 dart slugs (D:1)
  3 ball pythons (D:1)
  An endoplasm (D:1)
  A giant cockroach (D:1)
  2 goblins (D:1)
  2 hobgoblins (D:1)
  A kobold (D:1)
  A quokka (D:1)
  A bat (D:1)
  3 frilled lizards
  3 rats (D:1)
22 creatures vanquished.

Vanquished Creatures (others)
  2 withered plants (D:1)
2 creatures vanquished.

Grand Total: 24 creatures vanquished

Notes
Turn   | Place    | Note
-------+----------+-------------------------------------------
     0 | D:1      | lesbiats the Troll Fighter began the quest for the Orb.
     0 | D:1      | Reached XP level 1. HP: 22/22 MP: 0/0
   209 | D:1      | Reached XP level 2. HP: 29/29 MP: 1/1
   517 | D:1      | Found a faded altar of an unknown god.
   724 | D:1      | Reached XP level 3. HP: 7/36 MP: 2/2
   725 | D:1      | Slain by a gnoll

Illustrated notes

Levels and vault maps discovered:
D:1:      lightli_arrival_boilingwater, layout_loops_ring,
          shapermc_ecumenical_altar_flowoftime
D:2:      layout_basic

Skill      XL: |  1  2 |
---------------+-------+-----
Shields        | 3 |  3.0
Unarmed Combat | 3 |  3.0
Fighting       | |  2.7
Dodging        | |  2.4

Action                     || total
---------------------------++-------
  Melee: Unarmed           ||    72
 Armour: Robe              ||    19
  Dodge: Dodged            ||    17
  Block: Kite shield       ||    20

Table legend: (Time is in decaauts)
 A = Elapsed time spent in this place.
 B = Non-inter-level travel time spent in this place.
 C = Inter-level travel time spent in this place.
 D = Time resting spent in this place.
 E = Time spent auto-exploring this place.
 F = Levels seen in this place.
 G = Mean time per level.
                   A        B        C        D        E       F      G
               +--------+--------+--------+--------+--------+-----+--------+
         Total |    731 |    713 |     18 |      0 |    549 |   2 |  365.5 |
       Dungeon |    731 |    713 |     18 |      0 |    549 |   2 |  365.5 |
               +--------+--------+--------+--------+--------+-----+--------+

Top non-repeatable levels by time:
     D:1: 718 daAuts
     D:2: 12 daAuts
